 Dungeon Crawl Stone Soup version 0.19.5 (webtiles) character file.

60 lundt the Sneak (level 3, 0/28 HPs)
             Began as a Vampire Assassin on Mar 11, 2017.
             Was a Follower of Nemelex Xobeh.
             Slain by a gnoll
             ... wielding a +0 flail
              (9 damage)
             ... on level 2 of the Dungeon.
             The game lasted 00:06:05 (1170 turns).

lundt the Sneak (Vampire Assassin)                  Turns: 1170, Time: 00:06:05

Health: 0/28       AC: 10    Str: 11    XL:     3   Next: 80%
Magic:  3/3        EV:  5    Int: 13    God:    Nemelex Xobeh [*.....]
Gold:   107        SH:  0    Dex: 15    Spells: 0 memorised, 2 levels left

rFire  . . .     SeeInvis +     v - +0 falchion
rCold  . . .     Gourm    .     o - +0 chain mail
rNeg   + . .     Faith    .     (no shield)
rPois  .         Spirit   .     (no helmet)
rElec  .         Reflect  .     d - +0 cloak
rCorr  .         Harm     .     m - +0 pair of gloves
MR     .....                    (no boots)
Stlth  ..........               (no amulet)
                                (no ring)
                                (no ring)

@: no status effects
A: fangs 3, see invisible, unbreathing
a: Bat Form, Renounce Religion


You were on level 2 of the Dungeon.
You worshipped Nemelex Xobeh.
Nemelex Xobeh was aware of your devotion.
You were not thirsty.

You visited 1 branch of the dungeon, and saw 2 of its levels.

You collected 107 gold pieces.

Inventory:

Hand Weapons
 a - a +2 dagger
 b - a +0 blowgun
 v - a +0 falchion (weapon)
Missiles
 e - 8 poisoned needles
 f - 2 curare-tipped needles
Armour
 c - a +0 robe
 d - a +0 cloak (worn)
 m - a +0 pair of gloves (worn)
 o - a +0 chain mail (worn)
Jewellery
 q - an uncursed ring of ice
Scrolls
 h - 3 scrolls of identify {unknown}
 i - 4 scrolls of teleportation {unknown}
 j - a scroll of remove curse {unknown}
Potions
 g - 6 potions of blood
 k - a potion of degeneration {unknown}
 l - a potion of might {unknown}
 n - a potion of heal wounds {unknown}
 p - a potion of curing {unknown}
 r - a potion of brilliance {unknown}
 s - a potion of lignification {unknown}
 t - a potion of haste {unknown}
Miscellaneous
 u - a plain deck of summoning {drawn: 1}


   Skills:
 - Level 2.4 Fighting
 - Level 2.1(2.2) Short Blades
 + Level 0.6(1.4) Long Blades
 - Level 1.5 Throwing
 * Level 3.4 Dodging
 - Level 5.8 Stealth


You had 2 spell levels left.
You didn't know any spells.

Dungeon Overview and Level Annotations

Branches:
Dungeon (2/15)

Altars:
Nemelex Xobeh


Innate Abilities, Weirdness & Mutations

You have razor-sharp teeth.
You have supernaturally acute eyesight. (SInv)
You can survive without breathing.


Message History

The gnoll is severely wounded.
The gnoll hits you. The gnoll hits you but does no damage.
You hit the gnoll but do no damage.
The gnoll is severely wounded.
The gnoll barely misses you.
You slash the gnoll!
You kill the gnoll!
Your chain mail prevents you from hitting the gnoll.
The gnoll hits you but does no damage. The gnoll hits you with a flail.
You hit the gnoll.
The gnoll is lightly wounded.
The gnoll hits you with a flail.
You hit the gnoll.
The gnoll is moderately wounded.
The gnoll hits you with a flail.
You closely miss the gnoll.
The gnoll is moderately wounded.
The gnoll hits you with a flail!
You die...
Your body disappears without a glow.

###.#.#..%#.#....
#.........####.
##.######......
##.# ######. #..#
#######. ####†###
#....... #......#
#....... #.##.#.#
#....... #@##.#.#
#....... #g##...#
#....... #.###..#
#....... #.# ..#
#....... #.. ..#
######## ### .##
#


You could see a gnoll.

Vanquished Creatures
  A gnoll (D:2)
  An adder (D:2)
  2 worms (D:2)
  A dart slug (D:1)
  A leopard gecko (D:1)
  3 bats
  2 giant cockroaches (D:2)
  2 goblins (D:1)
  4 hobgoblins
  2 jackals (D:1)
  5 kobolds
  A quokka (D:2)
  3 frilled lizards
  3 rats
31 creatures vanquished.

Notes
Turn   | Place    | Note
-------+----------+-------------------------------------------
     0 | D:1      | lundt the Vampire Assassin began the quest for the Orb.
     0 | D:1      | Reached XP level 1. HP: 16/16 MP: 1/1
     4 | D:1      | Noticed a minotaur skeleton
    11 | D:1      | Noticed a minotaur skeleton
   110 | D:1      | Reached XP level 2. HP: 22/22 MP: 2/2
   525 | D:2      | Reached XP level 3. HP: 27/27 MP: 3/3
   747 | D:2      | Found a faded altar of an unknown god.
   776 | D:2      | Became a worshipper of Nemelex Xobeh the Trickster
   776 | D:2      | Received a gift from Nemelex Xobeh
   776 | D:2      | Reached * piety under Nemelex Xobeh
  1170 | D:2      | Slain by a gnoll

Skill      XL: |  1  2  3 |
---------------+----------+-----
Fighting       | 2 |  2.4
Dodging        | 2 3 |  3.4
Short Blades   | |  2.1
Long Blades    | |  0.6
Throwing       | |  1.5
Stealth        | |  5.8

Action                   || total
-------------------------++-------
Melee: Dagger            ||   101
       Bite              ||     8
       Falchion          ||    22
Evoke: Deck              ||     1
  Use: Potion            ||     1
 Stab: Sleeping          ||     7
Armor: Chain mail        ||    57
       Robe              ||     6
Dodge: Dodged            ||    26
       Rpst.: Falchion   ||     1
